 Dungeon Crawl Stone Soup version 0.31.0-12-g77e489cdc1 (webtiles) character file.

Game seed: 13035861794012966843

2249 Gadfly the Trooper (level 9, -4/93 HPs)
             Began as an Oni Berserker on Feb 21, 2024.
             Was an Elder of Trog.
             Slain by a killer bee (7 damage)
             ... on level 6 of the Dungeon.
             The game lasted 00:08:42 (6036 turns).

Gadfly the Trooper (Oni Berserker)                  Turns: 6036, Time: 00:08:43

Health: -4/93      AC: 12    Str: 25    XL:     9   Next: 37%
Magic:  9/9        EV: 10    Int:  8    God:    Trog [****..]
Gold:   270        SH:  0    Dex: 10    Spells: 8/8 levels left

rFire   . . .        a - +1 mace (protect)
rCold   + . .        (no shield)
rNeg    . . .        n - +0 animal skin
rPois   .            (helmet restricted)
rElec   .            h - +1 cloak
rCorr   .            (gloves unavailable)
SInv    .            (boots unavailable)
Will    ++...        f - amulet of faith
Stlth   +            g - ring of protection from cold
HPRegen 1.35/turn    (no ring)
MPRegen 0.11/turn

%: faith
@: lethally poisoned (-4 -> -7), strong-willed, under a protective aura,
regenerating
A: large, unfitting armour, horns 1, tough skin 1, double potion healing,
drunken brawling
a: Renounce Religion, Berserk, Trog's Hand, Brothers in Arms


You were on level 6 of the Dungeon.
You worshipped Trog.
Trog was greatly pleased with you.
You visited 1 branch of the dungeon, and saw 7 of its levels.

You collected 270 gold pieces.

Inventory:

Hand Weapons
 a - a +1 mace of protection (weapon)
 b - a +2 dagger of venom
 s - a +0 flail
Armour
 h - a +1 cloak (worn)
 n - a +0 animal skin (worn)
Jewellery
 f - an amulet of faith (around neck)
 g - a ring of protection from cold (left hand)
Wands
 m - a wand of roots (10) (quivered)
Scrolls
 c - a scroll of blinking
 e - a scroll of fog
 i - 3 scrolls of enchant armour
 r - a scroll of teleportation
Potions
 d - 2 potions of curing
 j - a potion of mutation {unknown}
 k - 2 potions of lignification
 l - a potion of ambrosia {unknown}
 o - a potion of invisibility {unknown}
 p - a potion of resistance
 q - a potion of enlightenment


   Skills:
 + Level 7.4 Fighting
 * Level 7.2 Maces & Flails
 * Level 5.7 Armour
 - Level 2.6 Dodging
 * Level 5.1 Evocations


You had 8 spell levels left.
You didn't know any spells.
Your spell library was empty.

Dungeon Overview and Level Annotations

Branches:
Dungeon (7/15)             Temple (0/1) D:5

Altars:
Ashenzari
Dithmenos
Fedhas
Gozag
Hepliaklqana
Kikubaaqudgha
Okawaru
Qazlal
Ru
Vehumet
Wu Jian
Yredelemnul

Shops:
D:2 :


Innate Abilities, Weirdness & Mutations

You are too large for most types of armour.
You have a pair of small horns on your head.
You have tough skin. (AC +1)
You gain doubled healing and magic from potions.
Whenever you drink a healing potion, you attack all around you.


Message History

You are more poisoned.
The killer bee poisons you! The orc hits you but does no damage.
The killer bee barely misses you. The orc barely misses you.
The killer bee closely misses you.
You feel very sick. The killer bee stings you.
* * * LOW HITPOINT WARNING * * *
You are more poisoned.
The killer bee poisons you! The orc hits you but does no damage.
Unknown command.
You feel very sick. The killer bee closely misses you.
You feel very sick.
The killer bee stings you but does no damage.
You hit the killer bee. You headbutt the killer bee.
The killer bee is moderately wounded.
You feel very sick. The killer bee closely misses you.
The killer bee stings you but does no damage.
You thump the killer bee!
The killer bee is almost dead.
You feel sick. The killer bee stings you.
* * * LOW HITPOINT WARNING * * *
You are more poisoned.
The killer bee poisons you! The killer bee stings you!
* * * LOW HITPOINT WARNING * * *
You take a swig of the potion and twirl your +1 mace of protection.
You closely miss the killer bee. Your headbutt misses the killer bee.
The killer bee is almost dead.
You savour every drop.
You feel better. The killer bee stings you.
* * * LOW HITPOINT WARNING * * *
The killer bee stings you.
* * * LOW HITPOINT WARNING * * *
Your skin crawls.
You feel strong-willed. The killer bee stings you.
* * * LOW HITPOINT WARNING * * *
You are lethally poisoned!
The killer bee poisons you! The killer bee stings you!
You die...

..####### #.###.................
..# #...................#.
..##########..................^#.
.................(.............#.
##.........###.................#.
#.........# #..>.......#+######.
##.........# #.#o####'#.#.# #.
.#.........# #.#y# #.#.#.# #.
.#.........###.#@# #.#.#.######.
.#.........'...#.# #.#.#.#....#.
.#.........#####.# #.#.#.###..#.
.#.######### #.# #.#.#.# #..#.
.#.# #.# #.#.#.# #..#. .#.# #.#
#.#.#.# #..##
.#.#############.####.#.#.###....
......................#.......###
.#.#############.######.#######


You could see a killer bee and an orc.

Vanquished Creatures
  A two-headed ogre (D:4)
  2 water moccasins
  An orc warrior (D:6)
  An ice beast (D:5)
  3 black bears (D:6)
  An ogre (D:4)
  A kobold brigand (D:6)
  A scorpion (D:5)
  2 killer bees (D:6)
  3 bombardier beetles
  4 hounds
  2 jellies
  An orc priest (D:5)
  3 iguanas
  A sleepcap (D:6)
  3 orc wizards
  6 adders
  3 gnolls (D:4)
  2 shadow imps
  A white imp (D:6)
  4 ribbon worms
  5 dart slugs
  12 orcs
  7 ball pythons
  4 bats
  5 endoplasms
  5 giant cockroaches
  5 hobgoblins
  4 jackals (D:1)
  A quokka (D:4)
  3 frilled lizards
  11 goblins
  13 kobolds
  8 rats
129 creatures vanquished.

Notes
Turn   | Place    | Note
-------+----------+-------------------------------------------
     0 | D:1      | Gadfly the Oni Berserker began the quest for the Orb.
     0 | D:1      | Reached XP level 1. HP: 24/24 MP: 1/1
    62 | D:1      | Reached XP level 2. HP: 22/32 MP: 2/2
   414 | D:1      | Reached skill level 1 in Armour
   472 | D:1      | Reached XP level 3. HP: 36/39 MP: 3/3
   516 | D:1      | Reached ** piety under Trog
   551 | D:1      | Reached skill level 1 in Evocations
   823 | D:1      | Found a faded altar of an unknown god.
  1092 | D:2      | Reached XP level 4. HP: 40/49 MP: 4/4
  1229 | D:2      | Found a hazy altar of Hepliaklqana.
  1336 | D:2      | Found Aklyafut's Vocational Training.
  1693 | D:3      | Found a sacrificial altar of Ru.
  1712 | D:3      | HP: 2/49 [poisoned by an orc wizard]
  2490 | D:4      | Reached XP level 5. HP: 55/55 MP: 5/5
  2535 | D:4      | Noticed a water moccasin
  2545 | D:4      | Killed a water moccasin
  2550 | D:4      | Reached XP level 6. HP: 54/65 MP: 6/6
  2622 | D:4      | Found an ancient bone altar of Kikubaaqudgha.
  2639 | D:4      | Reached skill level 5 in Fighting
  2982 | D:4      | Reached *** piety under Trog
  3155 | D:4      | Found a faded altar of an unknown god.
  3170 | D:4      | Found a faded altar of an unknown god.
  3170 | D:4      | Found a hazy altar of Hepliaklqana.
  3541 | D:4      | Reached XP level 7. HP: 60/72 MP: 7/7
  3674 | D:4      | Noticed a two-headed ogre
  3696 | D:4      | Killed a two-headed ogre
  3697 | D:4      | Reached skill level 5 in Maces & Flails
  3697 | D:4      | Reached XP level 8. HP: 83/83 MP: 8/8
  3864 | D:5      | Entered Level 5 of the Dungeon
  4131 | D:5      | Found an iron altar of Okawaru.
  4137 | D:5      | Found an opulent altar of Gozag.
  4138 | D:5      | Found a stormy altar of Qazlal.
  4138 | D:5      | Found a staircase to the Ecumenical Temple.
  4297 | D:5      | Found a shadowy altar of Dithmenos.
  4308 | D:5      | Found a radiant altar of Vehumet.
  4310 | D:5      | Found a blossoming altar of Fedhas.
  4760 | D:6      | Reached skill level 5 in Armour
  4851 | D:6      | Reached **** piety under Trog
  5051 | D:6      | Reached XP level 9. HP: 93/93 MP: 9/9
  5273 | D:6      | Reached skill level 5 in Evocations
  5353 | D:6      | Found an ornate altar of the Wu Jian Council.
  5586 | D:6      | Found a broken altar of Ashenzari.
  5600 | D:6      | Found a basalt altar of Yredelemnul.
  6034 | D:6      | HP: 4/93 [killer bee (8)]
  6036 | D:6      | Slain by a killer bee

Illustrated notes

Levels and vault maps discovered:
D:1:      heliophobic_arrival_henge, layout_loops_corners,
          hellmonk_ecumenical_altar_heavens_door
D:2:      layout_rooms, basic_altar, nicolae_shop_vocational
D:3:      layout_loops_ring, nicolae_ru_great_annihilating_truth
D:4:      minmay_chambers_of_fours, layout_loops_corners, old_standard_altar,
          nicolae_hepliaklqana_ecumenical_no_more, hex_tiny
D:5:      layout_basic, minitemple, okawaru_metal_pillars_1_2,
          minmay_temple_entry_proselytizer, minmay_misc_feat_iff
D:6:      layout_basic, mainiacjoe_overflow_alcove_4, jmf_multi_god_temple2
D:7:      layout_rooms, serial_curves, eino_curves_02, eino_curves_03,
          eino_curves_01

Skill      XL: |  1  2  3  4  5  6  7  8  9 |
---------------+----------------------------+-----
Armour         | 1 2 3 4 5 |  5.7
Evocations     | 1 2 3 4 5 |  5.1
Maces & Flails | 4 5 6 7 |  7.2
Fighting       | 5 6 7 |  7.4
Dodging        | |  2.6

Action                     |  1- 3 |  4- 6 |  7- 9 || total
---------------------------+-------+-------+-------++-------
  Melee: Mace              |   100 |   127 |   201 ||   428
         Headbutt          |    12 |    22 |    46 ||    80
         Punch             |     2 |     1 |     2 ||     5
         Dagger            |       |    15 |       ||    15
 Invoke: Berserk           |       |       |     1 ||     1
         Trog's Hand       |       |       |     1 ||     1
    Use: Scroll            |     2 |     9 |     5 ||    16
         Potion            |       |       |     2 ||     2
   Stab: Sleeping          |     1 |     1 |       ||     2
         Paralysed         |       |     2 |       ||     2
 Armour: Animal skin       |    63 |   110 |   202 ||   375
  Dodge: Dodged            |    52 |    66 |   137 ||   255
